 Dungeon Crawl Stone Soup version bcrawl-1.19.1 (webtiles) character file.

Game seed: 9406596777057872365

42583 Revguard the Protected (level 14, -5/127 HPs)
             Began as a Hill Orc Archaeologist on Nov 25, 2019.
             Was a High Priest of Beogh.
             Hit by a large rock thrown by a stone giant (15 damage)
             ... in a volcano.
             The game lasted 01:02:27 (17955 turns).

Revguard the Protected (Hill Orc Archaeologist)    Turns: 17955, Time: 01:02:28

Health: -5/127     AC: 21    Str: 17    XL:     14   Next: 20%
Magic:  17/23      EV: 13    Int: 14    God:    Beogh [*****.]
Gold:   383        SH:  7    Dex: 17    Spells: 13/13 levels left

rFire    . . .     SeeInvis .   f - +8 mithril axe "Arga" {speed, MR+}
rCold    + . .     Gourm    +   n - +0 buckler
rNeg     . . .     Faith    .   L - +3 plate armour
rPois    .         Spirit   .   r - +0 hat {MR+}
rElec    .         Reflect  .   E - scarf {cloud immunity}
rCorr    .         Harm     .   (no gloves)
MR       +++..                  d - +1 pair of boots
Stlth    ..........             b - amulet of the gourmand
HPRegen  0.31/turn              M - +4 ring of dexterity
MPRegen  0.18/turn              a - +4 ring of evasion

@: no status effects
A: walk on water, antennae 1, cold resistance 1, strong 1, evolution 1
a: Smiting, Recall Orcish Followers, Give Item to Named Follower, Renounce
Religion


You were in a volcano.
You worshipped Beogh.
Beogh was extremely pleased with you.
You were very full.

You visited 4 branches of the dungeon, and saw 15 of its levels.
You also visited: Volcano.

You collected 1549 gold pieces.
You spent 1166 gold pieces at shops.

Inventory:

Hand Weapons
 f - the +8 mithril axe "Arga" (weapon) {speed, MR+} Attacks with this weapon are significantly faster. It affects your resistance to hostile enchantments.
 i - a +0 blowgun
 B - the +7 flail of Tiut Fiu {crush, MP+9 Int+4}
   (You found it on level 7 of the Dungeon)

   It inflicts extra damage upon your enemies.
   It affects your intelligence (+4).
   It affects your magic capacity (+9).
 I - a +2 great mace
 R - a +7 battleaxe of flaming
 U - a +1 longbow of velocity
 V - the +1 war axe of the Dozen Stars {freeze, MR+ SInv}
   (You found it on level 1 of the Lair of Beasts)

   It has been specially enchanted to freeze those struck by it, causing extra
   injury to most foes and up to half again as much damage against particularly
   susceptible opponents.
   It can also slow down cold-blooded creatures.
   It affects your resistance to hostile enchantments.
   It lets you see invisible.
 X - a +2 scimitar of flaming
Missiles
 j - 216 poisoned needles
 l - 200 tomahawks (quivered)
 s - 38 curare-tipped needles
 w - 57 needles of confusion
Armour
 d - a +1 pair of boots (worn)
 n - a +0 buckler (worn)
 r - a +0 hat of magic resistance (worn)
 E - a scarf of cloud immunity (worn)
 L - a +3 plate armour (worn)
Jewellery
 a - a +4 ring of evasion (right hand)
 b - an amulet of the gourmand (around neck)
 p - an uncursed ring of insulation
 u - an uncursed ring of positive energy
 y - an uncursed ring of protection from cold
 M - a +4 ring of dexterity (left hand)
 N - an uncursed amulet of rage
Wands
 e - a wand of polymorph (1)
 h - a wand of digging (11)
 k - a wand of iceblast (8)
 m - a wand of paralysis (3)
 v - a wand of scattershot (5)
 D - a wand of flame (53)
 K - a wand of random effects (7)
Scrolls
 q - 5 scrolls of remove curse
 t - a scroll of amnesia
 x - 2 scrolls of fear
 C - 2 scrolls of fog
 H - 2 scrolls of immolation
 O - 4 scrolls of teleportation
 Y - a scroll of blinking
Potions
 o - 2 potions of haste
 z - a potion of brilliance
 A - a potion of cancellation
 F - a potion of flight
 G - a potion of heal wounds
 P - a potion of berserk rage
 Q - a potion of agility
 S - 2 potions of curing
 T - a potion of mutation
Miscellaneous
 J - a sack of spiders
Comestibles
 g - 22 rations {!d}


   Skills:
 + Level 12.4 Fighting
   Level 12.4 Short Blades
   Level 12.4 Long Blades
   Level 12.4 Axes
   Level 12.4 Maces & Flails
   Level 12.4 Polearms
   Level 12.4 Staves
 + Level 5.5 Throwing
 + Level 13.6 Armour
 + Level 5.6 Dodging
 - Level 2.6 Stealth
 + Level 9.3 Shields
   Level 12.4 Unarmed Combat
 * Level 12.2 Invocations


You had 13 spell levels left.
You didn't know any spells.
Your spell library contained the following spells:

 Spells                   Type           Power        Failure   Level  Hunger
 Apportation              Tloc           #.....       99%         1    ##.....
 Beastly Appendage        Tmut           #.....       99%         1    ##.....
 Corona                   Hex            #......      99%         1    ##.....
 Sandblast                Erth           #.....       99%         1    ##.....
 Sting                    Conj/Pois      #...         99%         1    ##.....
 Summon Butterflies       Summ           #.......     99%         1    ##.....
 Ensorcelled Hibernation  Hex/Ice        #.....       100%        2    ###....
 Passwall                 Tmut/Erth      #.......     100%        2    ###....
 Poisonous Vapours        Pois/Air       #.....       100%        2    ###....
 Sticks to Snakes         Tmut           #.......     100%        2    ###....
 Beckoning                Tloc           #.........   100%        3    ####...
 Confuse                  Hex            #.......     100%        3    ####...
 Dazzling Spray           Conj/Hex       #.....       100%        3    ####...
 Ignite Poison            Fire/Tmut/Pois #.......     100%        3    ####...
 Spider Form              Tmut/Pois      #..          100%        3    ####...
 Stone Arrow              Conj/Erth      #.....       100%        3    ####...
 Tukima's Dance           Hex            #.......     100%        3    ####...
 Ice Form                 Ice/Tmut       #.......     100%        4    #####..
 Olgreb's Toxic Radiance  Pois           #.......     100%        4    #####..
 Petrify                  Tmut/Erth      #.......     100%        4    #####..
 Summon Scorpions         Summ/Pois      #.......     100%        4    #####..
 Blade Hands              Tmut           #.........   100%        5    ######.
 Lee's Rapid Deconstruct  Erth           #.........   100%        5    ######.
 Venom Bolt               Conj/Pois      #.........   100%        5    ######.
 Invisibility             Hex            #.......     100%        6    #######


Dungeon Overview and Level Annotations

Branches:
Dungeon (12/12)            Temple (1/1) D:5            Lair (1/6) D:7
    Orc (1/1) D:10            Elf (0/3) Orc          Vaults (0/3) D:11
 Depths (0/5) D:12

Altars:
Ashenzari
Cheibriados
Dithmenos
Elyvilon
Fedhas
Gozag
Hepliaklqana
Kikubaaqudgha
Lugonu
Makhleb
Nemelex Xobeh
Okawaru
Qazlal
Ru
Sif Muna
Trog
Uskayaw
Vehumet
Wu Jian
Xom
Yredelemnul
Zin
The Shining One
Beogh

Shops:
D:5 }   D:12 *%!*(   Orc !%?:}


Innate Abilities, Weirdness & Mutations

You can walk on water.
You have a pair of small antennae on your head.
Your flesh is cold resistant. (rC+)
Your muscles are strong. (Str +2)
You evolve.


Message History

The large rock hits your orc priest!!!
Your orc priest dies!
Aiming: Smiting
Press: ? - help, Dir - move target cursor, f - stone giant Smite: a stone giant (lightly wounded)
You smite the stone giant!
The stone giant is moderately wounded.
The stone giant throws a large rock.
The large rock barely misses your orc priest.
The large rock hits you!
* * * LOW HITPOINT WARNING * * *
Aiming: Smiting
Press: ? - help, Dir - move target cursor, f/p - stone giant Smite: a stone giant (moderately wounded)
You smite the stone giant!
The stone giant is severely wounded.
The stone giant throws a large rock.
The large rock closely misses your orc priest.
The large rock closely misses Ortolf.
The large rock hits you!
You die...

≈§≈≈§.# #.# #.§§§≈§≈≈ ≈≈≈≈≈.# #.#
#o§≈§≈≈§≈ ≈≈≈≈≈.# #o# #.≈≈§≈≈§≈
§§≈§§.######.#.#.######o≈≈≈§≈≈§
≈§≈§≈§#......#.#......#.≈≈§≈≈≈§
§§≈§§§###++###'###++###.≈≈≈≈≈≈§ §
§§≈≈≈o# #...).#....#.≈§§≈§≈≈§§
§§≈≈≈o# #.8_8.#oC∩.#.≈≈§≈§§≈§§
≈≈≈≈..# +....@o)...#.≈≈≈≈§≈≈≈§
≈≈≈≈≈.#################.≈≈≈≈≈≈§§§
≈≈≈≈§§§......§§.o.§oo...≈≈§≈§≈≈§§
≈§≈≈≈§§≈≈.≈≈≈§§§§≈§§§§≈≈≈≈≈≈§≈§≈§
≈≈≈≈≈§§≈≈§≈≈≈§≈≈≈≈§§§≈≈§≈≈≈≈§≈§≈§
≈≈§≈≈≈§§§≈§≈≈≈§≈≈§≈§≈≈≈≈≈≈≈≈§§§≈§
§≈§§≈≈≈§≈§≈≈≈≈§≈≈≈≈§§≈≈§≈≈≈≈§§§≈§
§§§§§≈≈≈§§≈≈≈≈≈≈≈§≈≈≈≈≈≈≈≈≈≈§§§≈≈
§§§≈≈≈≈≈≈§≈≈§≈≈≈≈≈≈≈≈≈≈≈≈§≈≈≈≈≈≈≈


You could see a stone giant, a friendly orc priest and the friendly Ortolf the
orc priest.

Vanquished Creatures
  Snorg (D:11)
  An ogre mage (D:8)
  3 centaur warriors
  3 two-headed ogres
  A skeletal warrior (D:11)
  An unseen horror (D:12)
  A cyclops (D:12)
  2 ugly things
  2 manticores
  A guardian serpent (shapeshifter) (D:11)
  2 cane toads (Lair:1)
  A komodo dragon (Lair:1)
  An efreet (Volcano)
  A redback zombie (D:6)
  6 trolls
  3 meliai (D:9)
  A tengu conjurer (D:10)
  A merfolk (D:11)
  A hornet (D:7)
  2 hippogriffs
  A blink frog (Lair:1)
  4 slime creatures (D:9)
  A vampire (D:10)
  2 wyverns
  A fire elemental (Volcano)
  13 yaks
  2 hungry ghosts
  A fire bat (Volcano)
  5 vampire mosquitoes
  2 crocodiles (Lair:1)
  6 wargs
  An acid dragon (D:10)
  A water moccasin (D:8)
  7 ice beasts
  7 orc warriors
  A hornet zombie (D:12)
  5 sky beasts
  A phantom (D:8)
  20 centaurs
  12 ogres
  4 bullfrogs
  2 big kobolds
  A gnoll sergeant (D:7)
  2 wyvern zombies
  An earth elemental (Volcano)
  2 scorpions
  8 killer bees
  10 wights
  2 howler monkeys
  A jelly (D:9)
  5 electric eels (D:10)
  7 lava snakes (Volcano)
  4 centaur zombies
  10 crimson imps
  5 hounds
  2 centaur skeletons
  9 orc priests
  17 orc wizards
  2 iguanas
  11 worker ants
  A killer bee zombie (D:8)
  A hound skeleton (D:4)
  15 gnolls
  A howler monkey skeleton (D:7)
  12 adders
  A shadow imp (D:6)
  2 oozes
  An adder skeleton (D:8)
  An adder zombie (D:7)
  4 worms
  4 dart slugs
  4 leopard geckos
  25 orcs
  3 bats
  5 giant cockroaches
  3 goblins
  10 hobgoblins
  5 jackals
  3 quokkas
  5 frilled lizards
  15 kobolds
  3 rats
357 creatures vanquished.

Vanquished Creatures (collateral kills)
  A fire giant (D:12)
  A vault guard (D:11)
  A hydra (D:10)
  A death knight (D:12)
  An ogre mage (D:12)
  4 two-headed ogres
  A centaur warrior (D:11)
  A tengu warrior (D:10)
  3 skeletal warriors (D:11)
  A shadow wraith (D:12)
  An unseen horror (D:11)
  2 cyclopes
  2 orc knights
  A wizard (D:12)
  An ugly thing (D:10)
  A wolf spider zombie (D:10)
  3 orc sorcerers (Orc)
  2 centaur zombies
  2 gargoyles
  A cane toad (Lair:1)
  2 centaur skeletons (D:11)
  An efreet (D:12)
  A kobold demonologist (D:10)
  2 trolls (D:12)
  A hippogriff (shapeshifter) (D:11)
  3 blink frogs (Lair:1)
  A shadow (D:10)
  A redback (D:11)
  4 yaks
  A fire bat (Volcano)
  A wyvern (D:11)
  A hungry ghost (D:12)
  3 vampire mosquitoes (D:12)
  A crocodile (Lair:1)
  An acid dragon (D:10)
  6 wargs (Orc)
  4 water moccasins (Lair:1)
  2 orc warriors
  A sky beast (D:10)
  2 ogres
  5 centaurs
  A big kobold (D:10)
  A gnoll sergeant (D:10)
  A killer bee (D:10)
  An electric eel (D:10)
  A crimson imp (D:11)
  A lava snake (Volcano)
  An orc priest (D:10)
  10 orc wizards
  2 iguanas
  3 worker ants
  An adder (D:11)
  9 orcs
  4 kobolds (D:12)
  2 fungi (Lair:1)
113 creatures vanquished.

Vanquished Creatures (others)
  An orc knight (D:12)
  A warg (Orc)
  5 orc wizards
  4 orc priests
  32 orcs
43 creatures vanquished.

Grand Total: 513 creatures vanquished

Notes
Turn   | Place    | Note
-------+----------+-------------------------------------------
     0 | D:1      | Revguard the Hill Orc Archaeologist began the quest for the
                  | Orb.
     0 | D:1      | Reached XP level 1. HP: 15/15 MP: 1/1
   170 | D:1      | Reached XP level 2. HP: 19/22 MP: 2/2
   455 | D:1      | Reached skill level 1 in Armour
   839 | D:2      | Reached XP level 3. HP: 26/27 MP: 3/3
  1097 | D:2      | Reached skill level 1 in Fighting
  1483 | D:2      | Reached XP level 4. HP: 27/35 MP: 4/4
  1504 | D:2      | Reached skill level 2 in Armour
  2102 | D:3      | Reached XP level 5. HP: 33/41 MP: 5/5
  2385 | D:3      | Found a faded altar of an unknown god.
  2463 | D:3      | Noticed a sky beast
  2477 | D:3      | Killed a sky beast
  2477 | D:3      | Reached skill level 3 in Armour
  2477 | D:3      | Reached XP level 6. HP: 32/50 MP: 6/6
  2592 | D:3      | Found a shadowy altar of Dithmenos.
  3138 | D:4      | Reached skill level 4 in Armour
  3191 | D:4      | Noticed a sky beast
  3204 | D:4      | Killed a sky beast
  3338 | D:4      | Reached XP level 7. HP: 60/60 MP: 7/7
  3531 | D:4      | Got a bronze leather armour
  3542 | D:4      | Reached skill level 1 in Throwing
  3567 | D:4      | Reached skill level 5 in Fighting
  3567 | D:4      | Reached skill level 5 in Armour
  3584 | D:4      | Identified the cursed +0 leather armour "Lajaff" {MR+ Int+5
                  | Dex+3} (You found it on level 4 of the Dungeon)
  3911 | D:5      | Entered Level 5 of the Dungeon
  4213 | D:5      | Reached XP level 8. HP: 64/70 MP: 8/8
  4233 | D:5      | Found a sacrificial altar of Ru.
  4317 | D:5      | Reached skill level 6 in Armour
  4411 | D:5      | Found a staircase to the Ecumenical Temple.
  4420 | Temple   | Entered the Ecumenical Temple
  4669 | D:5      | Found an opulent altar of Gozag.
  4713 | D:5      | Found Erezekh's Gadget Boutique.
  4721 | D:5      | Reached skill level 1 in Shields
  5109 | D:6      | Found a sparkling altar of Nemelex Xobeh.
  5189 | D:6      | Reached skill level 7 in Armour
  5189 | D:6      | Reached XP level 9. HP: 56/78 MP: 9/9
  5437 | D:6      | Became a worshipper of Beogh the Brigand
  5696 | D:6      | Reached skill level 5 in Dodging
  5696 | D:6      | Reached skill level 1 in Invocations
  5798 | D:6      | Gained mutation: You have a pair of small horns on your
                  | head. [potion of mutation]
  5798 | D:6      | Gained mutation: You are partially covered in rugged brown
                  | scales. (AC +1, +3% HP) [potion of mutation]
  6321 | D:6      | Reached * piety under Beogh
  6327 | D:6      | Reached skill level 8 in Armour
  7079 | D:7      | Noticed a troll
  7085 | D:7      | Killed a troll
  7085 | D:7      | Reached XP level 10. HP: 79/88 MP: 12/12
  7090 | D:7      | Got a twisted flail
  7103 | D:7      | Identified the +7 flail of Tiut Fiu {crush, MP+9 Int+4}
                  | (You found it on level 7 of the Dungeon)
  7255 | D:7      | Reached skill level 5 in Shields
  7262 | D:7      | Found an iron altar of Okawaru.
  7404 | D:7      | Found a staircase to the Lair.
  7531 | D:7      | Reached ** piety under Beogh
  7987 | D:8      | Noticed an ogre mage
  8003 | D:8      | Killed an ogre mage
  8003 | D:8      | Reached skill level 9 in Armour
  8003 | D:8      | Reached skill level 5 in Invocations
  8151 | D:8      | Found a shimmering blue altar of Sif Muna.
  8622 | D:8      | Reached XP level 11. HP: 79/99 MP: 15/15
  9066 | D:9      | Reached *** piety under Beogh
  9727 | D:9      | Reached skill level 10 in Armour
 10270 | D:9      | Noticed a cyan ugly thing
 10283 | D:9      | Killed a cyan ugly thing
 10382 | D:10     | Entered Level 10 of the Dungeon
 10827 | D:10     | Found a staircase to the Orcish Mines.
 11190 | D:10     | Noticed a tengu warrior
 11202 | D:10     | Killed a tengu warrior
 11529 | D:10     | Reached **** piety under Beogh
 11539 | D:10     | Noticed a cyclops
 11543 | D:10     | Reached skill level 10 in Fighting
 11550 | D:10     | Reached XP level 12. HP: 61/109 MP: 18/18
 11552 | D:10     | Gained Ortolf as an ally
 11552 | D:10     | Reached skill level 5 in Throwing
 11560 | D:10     | Gained Beowulf as an ally
 11891 | D:10     | Noticed a five-headed hydra
 11900 | D:10     | Killed a five-headed hydra
 12011 | D:10     | Reached skill level 11 in Armour
 12331 | D:11     | Found a gate to the Vaults.
 12331 | D:11     | Noticed a vault guard
 12337 | D:11     | Killed a vault guard
 12479 | D:11     | Noticed a centaur warrior
 12483 | D:11     | Reached skill level 10 in Invocations
 12488 | D:11     | Killed a centaur warrior
 12880 | D:11     | Identified a scroll of acquirement
 12901 | D:11     | Noticed a centaur warrior
 12902 | D:11     | Noticed Snorg
 12907 | D:11     | Killed a centaur warrior
 12907 | D:11     | Reached skill level 12 in Armour
 12907 | D:11     | Reached XP level 13. HP: 90/119 MP: 20/20
 12912 | D:11     | Killed Snorg
 13789 | D:12     | Entered Level 12 of the Dungeon
 13789 | D:12     | Found Peollepn's General Store.
 14154 | D:12     | Found Soily's Distillery.
 14159 | D:12     | Bought a potion of mutation for 104 gold pieces
 14686 | D:12     | Found a staircase to the Depths.
 14686 | D:12     | Noticed a fire giant
 14702 | D:12     | Your ally Ortolf died
 14703 | D:12     | Killed a fire giant
 14983 | D:12     | Reached ***** piety under Beogh
 15097 | D:12     | Gained Blodwig as an ally
 15253 | D:12     | Found Simmues's Antique Weapon Emporium.
 15346 | D:12     | Reached skill level 13 in Armour
 15750 | D:12     | Found Xysmah's Food Shop.
 15789 | D:12     | Bought a +4 battleaxe of flaming for 404 gold pieces
 15836 | D:12     | Found Ysucso's General Store.
 15941 | D:12     | Bought a scroll of enchant weapon for 112 gold pieces
 16017 | Orc      | Entered the Orcish Mines
 16036 | Orc      | Found Gynet's Book Boutique.
 16037 | Orc      | Found Yhufead's Gadget Emporium.
 16142 | Orc      | Found a roughly hewn altar of Beogh.
 16143 | Orc      | Gained Ugrim as an ally
 16143 | Orc      | Reached XP level 14. HP: 127/129 MP: 22/22
 16213 | Orc      | Gained Syrus as an ally
 16444 | Orc      | Found a staircase to the Elven Halls.
 16541 | Orc      | Found Rell's Magic Scroll Emporium.
 16552 | Orc      | Bought a scroll of enchant weapon for 105 gold pieces
 16552 | Orc      | Bought a scroll of enchant weapon for 105 gold pieces
 16665 | Orc      | Found Gefri's Distillery.
 16670 | Orc      | Bought a potion of mutation for 112 gold pieces
 16670 | Orc      | Bought a potion of mutation for 112 gold pieces
 16670 | Orc      | Bought a potion of heal wounds for 70 gold pieces
 16670 | Orc      | Bought a potion of curing for 42 gold pieces
 16671 | Orc      | Lost mutation: You have a pair of small horns on your head.
                  | [potion of mutation]
 16671 | Orc      | Lost mutation: You are partially covered in rugged brown
                  | scales. (AC +1, +3% HP) [potion of mutation]
 16671 | Orc      | Gained mutation: You are dopey. (Int -2) [potion of
                  | mutation]
 16671 | Orc      | Gained mutation: You evolve. [potion of mutation]
 16672 | Orc      | Lost mutation: You are dopey. (Int -2) [potion of mutation]
 16672 | Orc      | Gained mutation: Your muscles are strong. (Str +2) [potion
                  | of mutation]
 16672 | Orc      | Gained mutation: You have a pair of small antennae on your
                  | head. [potion of mutation]
 16672 | Orc      | Gained mutation: Your flesh is cold resistant. (rC+)
                  | [potion of mutation]
 16730 | Orc      | Found Jetafo's Food Boutique.
 17106 | Lair:1   | Entered Level 1 of the Lair of Beasts
 17112 | Lair:1   | Got a shimmering war axe
 17368 | Lair:1   | Identified the +1 war axe of the Dozen Stars {freeze, MR+
                  | SInv} (You found it on level 1 of the Lair of Beasts)
 17570 | Lair:1   | Found a dark tunnel.
 17575 | Volcano  | Entered a volcano
 17809 | Volcano  | Gained Ortolf as an ally
 17929 | Volcano  | Found a radiant altar of Vehumet.
 17950 | Volcano  | Noticed a stone giant
 17955 | Volcano  | Hit by a large rock thrown by a stone giant

Skill      XL: |  1  2  3  4  5  6  7  8  9 10 11 12 13 14 |
---------------+-------------------------------------------+-----
Armour         | 1 2 3 4 5 7 8 9 10 12 13 | 13.6
Dodging        | 3 4 5 |  5.6
Fighting       | 1 2 4 5 6 7 9 10 11 12 | 12.4
Throwing       | 1 2 3 4 5 |  5.5
Shields        | 2 4 6 7 8 9 |  9.3
Invocations    | 3 6 8 10 11 12 | 12.2
Short Blades   | | 12.4
Long Blades    | | 12.4
Axes           | | 12.4
Maces & Flails | | 12.4
Polearms       | | 12.4
Staves         | | 12.4
Stealth        | |  2.6
Unarmed Combat | | 12.4

Action                   |  1- 3 |  4- 6 |  7- 9 | 10-12 | 13-15 || total
-------------------------+-------+-------+-------+-------+-------++-------
Melee: Whip              |    31 |       |       |       |       ||    31
       Dagger            |    75 |   170 |    83 |       |       ||   328
       Punch             |       |     3 |       |       |       ||     3
       Broad axe         |       |       |   185 |   409 |   278 ||   872
       Headbutt          |       |       |    11 |    80 |    43 ||   134
       Flail             |       |       |       |     3 |       ||     3
 Fire: Blowgun           |       |     4 |       |    13 |    23 ||    40
Throw: Tomahawk          |       |     8 |    15 |    27 |     7 ||    57
Invok: Convert to Beogh  |       |       |     1 |       |       ||     1
       Smiting           |       |       |       |     6 |     2 ||     8
       Recall Orcish Fol |       |       |       |       |     5 ||     5
       Give Item to Name |       |       |       |       |     4 ||     4
Evoke: Wand              |       |       |     1 |       |     1 ||     2
  Use: Potion            |     1 |     5 |     9 |     5 |     3 ||    23
       Scroll            |       |     8 |     3 |    12 |    11 ||    34
 Stab: Sleeping          |     3 |     1 |       |       |       ||     4
       Distracted        |       |       |       |     2 |     5 ||     7
  Eat: Chunk             |     2 |     6 |     8 |    27 |    18 ||    61
       Ration            |       |       |     2 |       |       ||     2
Armor: Robe              |    12 |       |       |       |       ||    12
       Ring mail         |    19 |    68 |    26 |       |       ||   113
       Plate armour      |       |       |    78 |   270 |   107 ||   455
Dodge: Dodged            |    48 |    91 |   105 |   194 |   144 ||   582
Block: Buckler           |       |       |    33 |   126 |    83 ||   242
